[Event "Team 45 45 League T39"]
[Site "Internet Chess Club"]
[Date "2008.10.23"]
[Round "1"]
[White "usc"]
[Black "quantjock"]
[Result "1/2-1/2"]
[WhiteElo "1812"]
[BlackElo "1787"]
[Opening "English: Caro-Kann defensive system"]
[ECO "A11"]
[Time "20:30:12"]
[TimeControl "2700+45"]

1. c4 c6 2. Nf3 d5 3. e3 Nf6 4. Qc2 Bg4 5. Ne5 Bh5 6. cxd5 cxd5 7. Bb5+ Nbd7 8.
Qa4 a6 9. Nxd7 Nxd7 10. Bxd7+ Qxd7 11. Qxd7+ Kxd7 12. Nc3 e6 13. b3 b5 14. Bb2
f6 15. Ne2 Rc8 16. Rc1 Bd6 17. Ng3 Rxc1+ 18. Bxc1 Rc8 19. Ne2 Rc2 20. a4 bxa4
21. bxa4 Ra2 22. Nc3 Ra1 23. O-O Bg6 24. Bb2 Rxf1+ 25. Kxf1 Bd3+ 26. Ke1 Kc6 27.
h3 Kb6 28. g3 Ka5 29. Kd1 Bb4 30. Kc1 Bxc3 31. Bxc3+ Kxa4 32. Kb2 Kb5 33. Ka3
Kc4 34. Ka4 e5 35. Bb4 d4 36. Bf8 g6 37. Bg7 dxe3 38. dxe3 e4 39. Bxf6 Bc2+ 40.
Ka5 Kd3 41. Kxa6 Ke2 42. Bg5 Kxf2 43. Bf4 h6 44. h4 h5 45. Kb6 Kf3 46. Kc6 Kg4
47. Kd6 Kf5 48. Ke7 Bd3 49. Kf7 Bc4+ 50. Kg7 Be2 {Game drawn by mutual
agreement} 1/2-1/2

[Event "Team 45 45 League T39"]
[Site "Internet Chess Club"]
[Date "2008.10.26"]
[Round "1"]
[White "b-spot"]
[Black "rasdern"]
[Result "1/2-1/2"]
[WhiteElo "1732"]
[BlackElo "1702"]
[Opening "QGD Slav: 4.Nc3"]
[ECO "D15"]
[Time "09:07:14"]
[TimeControl "2700+45"]

1. d4 d5 2. c4 c6 3. Nf3 Nf6 4. Nc3 Bf5 5. cxd5 cxd5 6. Bf4 Qb6 7. Na4 Qa5+ 8.
Bd2 Qd8 9. Bf4 e6 10. e3 Qa5+ 11. Nc3 Bb4 12. Qb3 Nbd7 13. Be2 Ne4 14. O-O Bxc3
15. bxc3 Nxc3 16. Rfe1 Nxe2+ 17. Rxe2 Qb6 18. Qa4 f6 19. Rc1 Bd3 20. Rd2 Bb5 21.
Qb4 Bc4 22. Qa3 Kf7 23. Rb2 Qc6 24. Nd2 Nb6 25. Rbc2 Rhc8 26. e4 Qb5 27. exd5
exd5 28. Re1 Re8 29. Rxe8 Rxe8 30. h3 a6 31. Rb2 Qc6 32. Qc5 Na4 33. Qxc6 bxc6
34. Rb7+ Re7 35. Nxc4 dxc4 36. Rxe7+ Kxe7 37. Kf1 Ke6 38. Ke1 Kf5 39. Be3 Ke4
40. Kd2 f5 41. f3+ Kd5 42. Kc2 c5 43. dxc5 Nxc5 44. Kc3 a5 45. Bf2 Nd3 46. Bb6
a4 47. Ba7 f4 48. Bb6 Ne1 49. Kb4 Nxg2 50. Kxa4 Nh4 51. Kb4 Nxf3 52. a4 Ne5 53.
a5 Nc6+ 54. Kc3 g5 55. a6 h5 56. a7 Nxa7 57. Bxa7 g4 58. hxg4 hxg4 59. Bb6 g3
60. Bc7 g2 61. Bb6 f3 62. Bf2 {Game drawn by mutual agreement} 1/2-1/2

[Event "Team 45 45 League T39"]
[Site "Internet Chess Club"]
[Date "2008.10.26"]
[Round "1"]
[White "QueensCounselor"]
[Black "Klampin"]
[Result "1-0"]
[WhiteElo "1900"]
[BlackElo "1965"]
[Opening "Caro-Kann: exchange, Rubinstein variation"]
[ECO "B13"]
[Time "13:30:43"]
[TimeControl "2700+45"]

1. e4 c6 2. d4 d5 3. exd5 cxd5 4. Bd3 Nc6 5. c3 Nf6 6. Bf4 Bg4 7. Qb3 Qd7 8. Nd2
e6 9. Ngf3 Bxf3 10. Nxf3 Bd6 11. Bg3 O-O 12. O-O a6 13. Rae1 b5 14. Qd1 b4 15.
Ne5 Qc7 16. Qa4 Bxe5 17. dxe5 Nh5 18. Qc2 bxc3 19. bxc3 Nxg3 20. hxg3 Nxe5 21.
Bxh7+ Kh8 22. Bd3 Rfc8 23. Rc1 Nxd3 24. Qxd3 Qc4 25. Qd2 Ra7 26. Rfe1 Rac7 27.
Re3 Qb5 28. Rd3 Qa5 29. Rc2 Rc4 30. Rd4 Rxd4 31. cxd4 Qxd2 32. Rxd2 Kh7 33. f3
Kg6 34. Kf2 Kf6 35. Ke2 Rc4 36. Kd3 e5 37. dxe5+ Kxe5 38. Re2+ Kd6 39. Rb2 Ra4
40. Rc2 f5 41. Rb2 d4 42. Rb7 g5 43. Rg7 Ke5 44. Rxg5 Ra3+ 45. Kc4 Rxa2 46. g4
Rc2+ 47. Kd3 Rc3+ 48. Kd2 Ra3 49. Rxf5+ Ke6 50. g3 a5 51. Rf8 Kd5 52. g5 Ra2+
53. Kd3 Ra3+ 54. Kc2 Rc3+ 55. Kd2 a4 56. g6 Rc7 57. Rf7 Rc6 58. Rf5+ Kc4 59. Rg5
Rc8 60. Ra5 Kb4 61. Ra7 Rc6 62. g7 Rg6 63. g4 Kb3 64. Kd3 a3 65. Rb7+ Ka2 66.
Kxd4 Ka1 67. Kc3 Ka2 68. Re7 Rc6+ 69. Kb4 Rg6 70. Re2+ Kb1 71. Kxa3 Rxg7 72. Kb3
Rb7+ 73. Kc4 Rf7 74. Re3 Kc2 75. Kd4 Kd2 76. Re4 Rxf3 77. Ke5 Rg3 78. Kf5 Kd3
79. Re8 Kd4 80. g5 Rf3+ 81. Kg6 Kd5 82. Kg7 Kd6 83. g6 Rg3 84. Rf8 Ke6 85. Rf1
Rd3 86. Kg8 Rg3 87. g7 Rc3 88. Rh1 Rc8+ 89. Kh7 Rc7 90. Kh8 {Black resigns} 1-0

[Event "Team 45 45 League T39"]
[Site "Internet Chess Club"]
[Date "2008.10.26"]
[Round "1"]
[White "superbeast"]
[Black "LoseOften"]
[Result "1-0"]
[WhiteElo "1661"]
[BlackElo "1789"]
[Opening "English: Anglo-Dutch defense"]
[ECO "A10"]
[Time "12:59:21"]
[TimeControl "2700+45"]

1. c4 f5 2. g3 Nf6 3. Bg2 g6 4. Nc3 Bg7 5. d3 O-O 6. e4 fxe4 7. Nxe4 c5 8. Ne2
Nc6 9. Rb1 Nxe4 10. dxe4 Qa5+ 11. Nc3 Bxc3+ 12. bxc3 Qxc3+ 13. Bd2 Qxc4 14. Rc1
Qxa2 15. O-O b6 16. Bh6 Rf7 17. e5 Qa4 18. Qxa4 {Black resigns} 1-0

[Event "Team 45 45 League T39"]
[Site "Internet Chess Club"]
[Date "2008.10.25"]
[Round "1"]
[White "hansolo1000"]
[Black "rayonline53"]
[Result "0-1"]
[WhiteElo "1713"]
[BlackElo "1531"]
[Opening "Benkö gambit"]
[ECO "A57"]
[Time "18:33:56"]
[TimeControl "2700+45"]

1. d4 Nf6 2. c4 c5 3. d5 b5 4. Nf3 d6 5. Nbd2 g6 6. e4 Bg7 7. Be2 O-O 8. O-O
Nbd7 9. Rb1 Ng4 10. b3 Nge5 11. Bb2 Nxf3+ 12. Nxf3 Bxb2 13. Rxb2 bxc4 14. Bxc4
a5 15. Qd2 Ba6 16. Bxa6 Rxa6 17. Ng5 Qb6 18. f4 Qb4 19. Qe2 Rb6 20. Rc1 Qb5 21.
Qf3 h6 22. Nh3 Qb4 23. Rc4 Qe1+ 24. Qf1 Qxf1+ 25. Kxf1 Rb4 26. Nf2 Rfb8 27. Rbc2
Nb6 28. Rxb4 axb4 29. Nd3 f6 30. Ke2 Kf7 31. h3 e5 32. Kf3 Nc8 33. g3 Na7 34.
fxe5 fxe5 35. Nb2 Nb5 36. Ke3 Nc3 37. Nd3 Ra8 38. Nc1 Ke7 39. Rh2 Rf8 40. Rh1 g5
41. Ne2 Nb5 42. g4 Ra8 43. Ra1 Na3 44. Rc1 Nb5 45. Ra1 Rf8 46. Rh1 Rf6 47. Rg1
Nd4 48. Nxd4 exd4+ 49. Kd2 Rf2+ 50. Kd3 Kf6 51. Rg3 Ke5 52. Rg1 Rf3+ 53. Kc2
Kxe4 54. Re1+ {White resigns} 0-1

[Event "Team 45 45 League T39"]
[Site "Internet Chess Club"]
[Date "2008.10.26"]
[Round "1"]
[White "nursey"]
[Black "Beancounter"]
[Result "1-0"]
[WhiteElo "1649"]
[BlackElo "1709"]
[Opening "Sicilian: Najdorf, 6...e6"]
[ECO "B95"]
[Time "15:31:49"]
[TimeControl "2700+45"]

1. e4 c5 2. Nf3 d6 3. d4 cxd4 4. Nxd4 Nf6 5. Nc3 a6 6. Bg5 e6 7. Bc4 Be7 8. f4
Qc7 9. Qe2 h6 10. Bxf6 Bxf6 11. O-O-O Nc6 12. Nxc6 bxc6 13. Qe3 O-O 14. Kb1 Bd7
15. Rhe1 Rfb8 16. e5 dxe5 17. fxe5 Be7 18. Rf1 Ba3 19. Bb3 Bf8 20. Ne4 c5 21. c4
a5 22. Qf3 Bc6 23. Bc2 Qb7 24. b3 a4 25. Rfe1 axb3 26. axb3 Ra3 27. Kb2 Ra4 28.
Qe2 Rb4 29. Qd3 Ba4 30. Nf6+ {Black resigns} 1-0

[Event "Team 45 45 League T39"]
[Site "Internet Chess Club"]
[Date "2008.10.24"]
[Round "1"]
[White "Fegary"]
[Black "Hesperus"]
[Result "1/2-1/2"]
[WhiteElo "2087"]
[BlackElo "1981"]
[Opening "Sicilian: chameleon variation"]
[ECO "B23"]
[Time "11:07:22"]
[TimeControl "2700+45"]

1. e4 c5 2. Nc3 Nc6 3. Nge2 g6 4. Nf4 Bg7 5. Bc4 d6 6. d3 Nf6 7. a3 O-O 8. f3 e6
9. g4 Nd4 10. h4 Nd7 11. Ng2 Ne5 12. Rh3 Nxc4 13. dxc4 f5 14. Ne3 d5 15. cxd5
exd5 16. Ncxd5 fxe4 17. fxe4 h5 18. c3 hxg4 19. Rh1 Nf3+ 20. Ke2 b6 21. h5 gxh5
22. Rxh5 Qe8 23. Rf5 Ba6+ 24. Kf2 Qxe4 25. Qh1 Rxf5 26. Nxf5 Re8 27. Nh6+ Kf8
28. Nxg4 Qe2+ 29. Kg3 Ne5 30. Nge3 Nd3 31. Qf3+ Qxf3+ 32. Kxf3 Bb7 33. Bd2 Nxb2
34. Rf1 Kg8 35. Kg4 Nd3 36. Nf6+ Bxf6 37. Rxf6 b5 38. Nf5 Bc8 39. Kg5 Re5 40.
Kg6 Bxf5+ 41. Rxf5 a5 42. Bh6 Rxf5 43. Kxf5 b4 44. axb4 cxb4 45. cxb4 axb4 46.
Ke4 Nc5+ 47. Kd4 b3 48. Kc3 Kh7 49. Be3 b2 50. Kxb2 {Game drawn because neither
player has mating material} 1/2-1/2

[Event "Team 45 45 League T39"]
[Site "Internet Chess Club"]
[Date "2008.10.23"]
[Round "1"]
[White "ShanghaiTom"]
[Black "qs16"]
[Result "0-1"]
[WhiteElo "1775"]
[BlackElo "1764"]
[Opening "Sicilian: Smith-Morra gambit"]
[ECO "B21"]
[Time "09:02:54"]
[TimeControl "2700+45"]

1. e4 c5 2. d4 cxd4 3. c3 Qa5 4. Nf3 Nc6 5. Bd2 Qb6 6. cxd4 Nxd4 7. Bc3 Nxf3+ 8.
Qxf3 d6 9. Bc4 e6 10. O-O Qd8 11. Rd1 Bd7 12. Na3 a6 13. Bb3 b5 14. Bd2 Be7 15.
Bb4 Qb6 16. Qg3 Nf6 17. Bc2 Nh5 18. Qf3 g6 19. g4 Ng7 20. Qd3 Rc8 21. Rac1 Rc6
22. e5 d5 23. Bxe7 Kxe7 24. Qf3 Rhc8 25. Qe2 b4 26. Nb1 Rc4 27. b3 Rd4 28. Rxd4
Qxd4 29. Rd1 Qb2 30. Bd3 Qxe2 31. Bxe2 Rc2 32. Rd2 Rc1+ 33. Rd1 Rxd1+ 34. Bxd1
Bb5 35. f4 f5 36. Kf2 fxg4 37. Bxg4 h5 38. Bd1 Nf5 39. Nd2 Bd3 40. Bf3 Nd4 41.
Bd1 Nf5 42. Bf3 Kd7 43. Bd1 Kc6 44. Be2 Bxe2 45. Kxe2 Kc5 46. Nf3 Nd4+ {White
resigns} 0-1

[Event "Team 45 45 League T39"]
[Site "Internet Chess Club"]
[Date "2008.10.26"]
[Round "1"]
[White "oldsj"]
[Black "BraafPaard"]
[Result "1-0"]
[WhiteElo "1576"]
[BlackElo "1528"]
[Opening "Ruy Lopez: open, Riga variation"]
[ECO "C80"]
[Time "10:00:41"]
[TimeControl "2700+45"]

1. e4 e5 2. Nf3 Nc6 3. Bb5 a6 4. Ba4 Nf6 5. O-O Nxe4 6. d4 exd4 7. Re1 f5 8.
Nxd4 Bc5 9. Rxe4+ fxe4 10. Qh5+ g6 11. Qxc5 Nxd4 12. Qxd4 Rf8 13. Qxe4+ Qe7 14.
Qxe7+ Kxe7 15. Bg5+ Ke6 16. Nd2 b5 17. Re1+ Kf5 18. Nf3 d6 19. Bb3 Bd7 20. c3
Rae8 21. Bc2+ Kg4 22. h3+ Kh5 23. g4+ Bxg4 24. hxg4+ Kxg4 25. Rxe8 Rxe8 26. Bd1
h5 27. Be3 Kf5 28. Nd4+ Kf6 29. Bc2 g5 30. Nf3 g4 31. Nh4 g3 32. Kg2 gxf2 33.
Kxf2 Ke5 34. Ng6+ Kf6 35. Bd4+ Kg5 36. Kg3 c5 37. Bf2 Re2 38. Bd3 Rxb2 39. Be3+
Kf6 40. Nf4 Rxa2 41. Nxh5+ Ke7 42. Nf4 Kd7 43. Nd5 c4 44. Bf5+ Kc6 45. Nb4+
{Black resigns} 1-0

[Event "Team 45 45 League T39"]
[Site "Internet Chess Club"]
[Date "2008.10.26"]
[Round "1"]
[White "jazzyrick"]
[Black "beerss"]
[Result "1-0"]
[WhiteElo "1530"]
[BlackElo "1461"]
[Opening "Modern defense: Averbakh system"]
[ECO "B06"]
[Time "15:02:45"]
[TimeControl "2700+45"]

1. e4 g6 2. d4 Bg7 3. c4 d6 4. Nc3 e6 5. Nf3 h6 6. Be2 a6 7. O-O Ne7 8. h3 Nd7
9. Bf4 b6 10. Qd2 Bb7 11. Rfd1 Qc8 12. a3 g5 13. Bh2 Nf8 14. Ne1 Nfg6 15. Bh5
O-O 16. f4 f6 17. Nf3 Kh7 18. Re1 e5 19. f5 Nh8 20. h4 Nf7 21. hxg5 Nxg5 22.
Nxg5+ fxg5 23. d5 Ng8 24. Rf1 Nf6 25. Bg6+ Kh8 26. Qe2 Qd8 27. Nd1 Bc8 28. Nf2
Bd7 29. Ng4 Nxg4 30. Qxg4 Qf6 31. Qe2 Be8 32. Bxe8 Rfxe8 33. b4 Rf8 34. Qg4 Kh7
35. Rf3 Rad8 36. Rh3 Rf7 37. Kh1 Rh8 38. Rh5 Kg8 39. Bg1 Qd8 40. Qe2 Qc8 41. Be3
Bf6 42. Rc1 Rg7 43. g4 Qb7 44. c5 bxc5 45. bxc5 dxc5 46. Bxc5 c6 47. d6 Rd7 48.
Qc4+ Kg7 49. Rh3 Qb2 50. Rb3 Qd2 51. Rh3 Qf4 52. Rg1 Rb8 53. Be3 Rxd6 54. Bxf4
Rd4 55. Qxc6 Rbd8 56. Bxe5 Bxe5 57. Qxh6+ Kf7 58. Qe6+ Kg7 59. Qxe5+ Kf7 60.
Rh7+ Kf8 61. Qg7+ Ke8 62. Rh8# {Black checkmated} 1-0

[Event "Team 45 45 League T39"]
[Site "Internet Chess Club"]
[Date "2008.10.27"]
[Round "1"]
[White "Ianjo"]
[Black "ddlj81"]
[Result "1-0"]
[WhiteElo "1865"]
[BlackElo "1902"]
[Opening "QGD Slav: 4.Nc3"]
[ECO "D15"]
[Time "21:00:08"]
[TimeControl "2700+45"]

1. d4 d5 2. c4 c6 3. Nc3 Nf6 4. Nf3 a6 5. cxd5 cxd5 6. Bf4 Nc6 7. e3 Bg4 8. Be2
e6 9. h3 Bxf3 10. Bxf3 Bd6 11. Bxd6 Qxd6 12. O-O O-O 13. Qd2 Rfc8 14. Rfc1 Rc7
15. Na4 Nd7 16. b3 Rac8 17. Nc5 Nxc5 18. dxc5 Qe7 19. b4 Ne5 20. Be2 Rc6 21. f4
Nd7 22. Rc2 Nf6 23. Bd3 e5 24. Qf2 e4 25. Bf1 Rd8 26. Rd1 Qc7 27. Rdc1 Qe7 28.
Rd1 d4 29. exd4 e3 30. Qe1 Nd5 31. b5 axb5 32. Bxb5 Rh6 33. Re2 Rh4 34. Bc4 Rxf4
35. Bxd5 g6 36. Rxe3 Qd7 37. Bxb7 Qxb7 38. Re8+ Rxe8 39. Qxe8+ Kg7 40. Qe5+ Rf6
41. Rf1 Qc6 42. Qxf6+ Qxf6 43. Rxf6 Kxf6 44. Kf2 Ke6 45. Ke3 Kd5 46. a4 f5 47.
a5 h5 48. Kf4 Kxd4 49. c6 Kd3 50. c7 Ke2 51. c8=Q Kf2 52. Qc2+ Kg1 53. Qd1+ Kh2
54. g3 h4 55. Qe2+ Kxh3 56. Qf1+ Kh2 57. Kf3 h3 58. Qf2+ Kh1 59. a6 g5 60. a7 f4
61. gxf4 g4+ 62. Kxg4 h2 63. a8=Q# {Black checkmated} 1-0

[Event "Team 45 45 League T39"]
[Site "Internet Chess Club"]
[Date "2008.10.25"]
[Round "1"]
[White "raimundo"]
[Black "clarnibass"]
[Result "1/2-1/2"]
[WhiteElo "1678"]
[BlackElo "1803"]
[Opening "Queen's pawn game"]
[ECO "E10"]
[Time "10:19:36"]
[TimeControl "2700+45"]

1. d4 Nf6 2. c4 e6 3. Nf3 d5 4. g3 Bb4+ 5. Bd2 Be7 6. Bg2 O-O 7. Qc2 c6 8. Ne5
Nbd7 9. Nxd7 Bxd7 10. O-O a6 11. b3 Rc8 12. Nc3 Ne8 13. e4 f5 14. cxd5 exd5 15.
exd5 cxd5 16. Bxd5+ Kh8 17. Bxb7 Rc7 18. Bg2 Bb5 19. Bf4 Bxf1 20. Bxc7 Nxc7 21.
Rxf1 Qxd4 22. Na4 Nb5 23. Rd1 Qe5 24. Qc6 Qe2 25. Qd7 Bf6 26. Qd2 Qxd2 27. Rxd2
Rd8 28. Rxd8+ Bxd8 29. Nc5 a5 30. Bd5 Nc3 31. Be6 g6 32. a4 Bb6 33. Nd7 Bd4 34.
Kf1 Ne4 35. f3 Nc5 36. Nxc5 Bxc5 37. Ke2 Kg7 38. h3 Kf6 39. Bg8 h6 40. Kd3 g5
41. Kc4 Bd6 42. g4 f4 {Game drawn by mutual agreement} 1/2-1/2

[Event "Team 45 45 League T39"]
[Site "Internet Chess Club"]
[Date "2008.10.24"]
[Round "1"]
[White "ZombieKnight"]
[Black "isolani"]
[Result "1-0"]
[WhiteElo "1725"]
[BlackElo "1420"]
[Opening "Queen's pawn: London system"]
[ECO "A45"]
[Time "20:56:55"]
[TimeControl "2700+45"]

1. d4 Nf6 2. Bf4 d6 3. c4 c6 4. Nf3 Bf5 5. Nc3 Nbd7 6. e3 Qa5 7. Bd3 Bxd3 8.
Qxd3 e5 9. dxe5 dxe5 10. Bg3 e4 11. Qe2 exf3 12. Qxf3 Ne5 13. Bxe5 Qxe5 14. Rd1
Bb4 15. Rd4 Bxc3+ 16. bxc3 O-O 17. O-O c5 18. Rd3 Rad8 19. Rfd1 Rxd3 20. Rxd3
Qe4 21. Qxe4 Nxe4 22. f3 Nf6 23. Kf2 Rb8 24. e4 b5 25. cxb5 Kf8 26. e5 Nh5 27.
a4 Ke7 28. Ke3 g6 29. Rd5 Rc8 30. c4 Ng7 31. a5 Ne6 32. g4 g5 33. Ke4 h6 34. h3
Rc7 35. Rd6 Rb7 36. a6 Rb8 37. Kd5 Rd8 38. Kc6 Rc8+ 39. Kb7 Rc7+ 40. Kb8 Rd7 41.
Rxd7+ Kxd7 42. Kxa7 Kc7 43. b6+ {Black resigns} 1-0

[Event "Team 45 45 League T39"]
[Site "Internet Chess Club"]
[Date "2008.10.23"]
[Round "1"]
[White "alastorx"]
[Black "GambitBandit"]
[Result "1/2-1/2"]
[WhiteElo "1867"]
[BlackElo "2089"]
[Opening "Queen's pawn game, Chigorin variation"]
[ECO "D02"]
[Time "11:00:31"]
[TimeControl "2700+45"]

1. d4 d5 2. Nf3 Nc6 3. e3 Bg4 4. Bb5 e6 5. c4 Ne7 6. O-O a6 7. Ba4 dxc4 8. Re1
b5 9. Bc2 Nd5 10. Nc3 Be7 11. h3 Bh5 12. Ne4 Ndb4 13. Bb1 O-O 14. Ng3 Bxf3 15.
Qxf3 Qd5 16. Qe2 Qd7 17. a3 Nd5 18. Qc2 f5 19. Rd1 Rad8 20. e4 Nf6 21. Be3 Bc5
22. Ne2 e5 23. Ba2 exd4 24. Bxc4+ bxc4 25. Qxc4+ Kh8 26. Qxc5 Nxe4 27. Qc1 d3
28. f3 Nf6 29. Nf4 Ne5 30. Qc5 Rfe8 31. Rac1 g5 32. Nxd3 Nxd3 33. Qc3 Kg7 34.
Bxg5 Re6 35. Qxc7 Qxc7 36. Rxc7+ Kg6 37. Bh4 h6 38. Rc3 Red6 39. b4 Nb2 40. Rxd6
Rxd6 41. Bg3 Na4 42. Re3 Rc6 43. Be5 Nd5 44. Rd3 Nab6 45. Kh2 h5 46. h4 Re6 47.
f4 Nf6 48. Rd8 Ng4+ 49. Kg3 Nxe5 50. fxe5 Nc4 51. Rg8+ Kh7 {Game drawn by mutual
agreement} 1/2-1/2

[Event "Team 45 45 League T39"]
[Site "Internet Chess Club"]
[Date "2008.10.28"]
[Round "1"]
[White "kidviper"]
[Black "kai"]
[Result "1-0"]
[WhiteElo "1771"]
[BlackElo "1674"]
[Opening "King's Indian: Larsen variation"]
[ECO "E90"]
[Time "09:50:56"]
[TimeControl "2700+45"]

1. d4 Nf6 2. c4 g6 3. Nc3 Bg7 4. e4 d6 5. Nf3 O-O 6. Be3 e5 7. dxe5 dxe5 8. Qxd8
Rxd8 9. Be2 c6 10. h3 Na6 11. a3 Be6 12. Nxe5 Nxe4 13. Nxe4 Bxe5 14. Rb1 b6 15.
c5 b5 16. b4 Nc7 17. Bf3 a5 18. Bg5 Rd4 19. Rd1 Rxd1+ 20. Kxd1 axb4 21. axb4 Ra4
22. Bd2 Ra1+ 23. Bc1 Nd5 24. Ng5 Nc3+ 25. Kd2 Ra2+ 26. Ke3 Nd5+ 27. Bxd5 Bxd5
28. f3 Ra1 29. Ne4 Bxe4 30. fxe4 Bb2 31. Kd2 Ba3 32. Rd1 Bxb4+ 33. Kc2 Kf8 34.
Kb2 Ra8 35. Rd6 Bxc5 36. Rxc6 Bd4+ 37. Kc2 b4 38. Kb3 Bc3 39. Bb2 Ra3+ 40. Bxa3
{Black resigns} 1-0

[Event "Team 45 45 League T39"]
[Site "Internet Chess Club"]
[Date "2008.10.25"]
[Round "1"]
[White "Egmont"]
[Black "GtoG"]
[Result "0-1"]
[WhiteElo "1649"]
[BlackElo "1659"]
[Opening "Sicilian: Alapin's variation (2.c3)"]
[ECO "B22"]
[Time "10:04:00"]
[TimeControl "2700+45"]

1. e4 c5 2. c3 d6 3. Nf3 Nc6 4. d4 cxd4 5. Nxd4 Nf6 6. Bd3 g6 7. Nd2 Bg7 8. N2f3
e5 9. Nc2 O-O 10. Bg5 a6 11. Qe2 b5 12. a3 Re8 13. Ne3 Be6 14. Rd1 Qb6 15. Bxf6
Bxf6 16. Bb1 Rad8 17. Nd5 Bxd5 18. Rxd5 Ne7 19. Rd2 d5 20. exd5 Nxd5 21. g3 e4
22. Bxe4 Nxc3 23. bxc3 Bxc3 24. O-O Bxd2 25. Nxd2 Rxd2 26. Qxd2 Rxe4 27. Qd5 Ra4
28. Rc1 Qe6 29. Qc5 Rc4 30. Rxc4 Qxc4 31. Qb6 Qc1+ 32. Kg2 Qxa3 33. Qb8+ Kg7 34.
Qe5+ Kg8 35. Qb8+ Qf8 36. Qb7 Qd6 37. Qc8+ Kg7 38. Qc3+ f6 39. h4 b4 40. Qc4 a5
41. Qb5 Qc7 42. Qa4 h5 43. Kh3 Qc8+ 44. Kg2 Qb7+ 45. Kh3 Qh1# {White checkmated}
0-1

[Event "Team 45 45 League T39"]
[Site "Internet Chess Club"]
[Date "2008.11.01"]
[Round "1"]
[White "chesskix"]
[Black "BrerRabbit"]
[Result "1/2-1/2"]
[WhiteElo "1637"]
[BlackElo "1593"]
[Opening "King's Indian: Petrosian system, Stein variation"]
[ECO "E92"]
[Time "19:00:24"]
[TimeControl "2700+45"]

1. d4 Nf6 2. c4 g6 3. Nf3 Bg7 4. Nc3 O-O 5. e4 d6 6. Be2 e5 7. d5 a5 8. O-O Na6
9. Na4 Nxe4 10. Qc2 Nac5 11. Nxc5 Nxc5 12. Be3 Bf5 13. Qd1 b6 14. Rc1 Qe8 15. b3
Qd8 16. h3 Bd7 17. Nh2 f5 18. Rc2 Ne4 19. Nf3 f4 20. Bc1 Bf5 21. Bd3 Qe7 22.
Bxe4 Bxe4 23. Re2 Bxf3 24. gxf3 Qh4 25. Kh2 Rf5 26. Rg1 Rg5 27. Rxg5 Qxg5 28.
Re1 Rf8 29. Rg1 Qe7 30. Qe1 Rf5 31. Rg4 Bh6 32. Qe4 Kf7 33. Bd2 Bg5 34. a4 Bh6
35. Qc2 Qf6 36. Bc3 Qe7 37. b4 axb4 38. Bxb4 Qf6 39. Bc3 Qe7 40. a5 {Game drawn
by mutual agreement} 1/2-1/2

[Event "Team 45 45 League T39"]
[Site "Internet Chess Club"]
[Date "2008.10.26"]
[Round "1"]
[White "Gregorio"]
[Black "tsia68"]
[Result "1-0"]
[WhiteElo "2058"]
[BlackElo "1863"]
[Opening "French: Burn variation"]
[ECO "C11"]
[Time "12:00:24"]
[TimeControl "2700+45"]

1. e4 e6 2. d4 d5 3. Nc3 Nf6 4. Bg5 dxe4 5. Bxf6 Qxf6 6. Nxe4 Qd8 7. Nf3 Nd7 8.
Bd3 Be7 9. Qe2 O-O 10. h4 b6 11. Neg5 Nf6 12. O-O-O Bb7 13. Ne5 h6 14. f3 hxg5
15. hxg5 Ne4 16. Bxe4 Bxg5+ 17. Kb1 Bxe4 18. Qxe4 f5 19. Qe2 Rf6 20. g4 Qe7 21.
Rh5 Rh6 22. Qh2 f4 23. Rxh6 Bxh6 24. Qh5 Qf6 25. Rh1 Rd8 26. g5 Qxg5 27. Qf7+
Kh7 28. Ng4 Kh8 29. Rh5 Rxd4 30. a3 Rd1+ 31. Ka2 Qd8 32. Nxh6 Rh1 33. Nf5+
{Black resigns} 1-0

[Event "Team 45 45 League T39"]
[Site "Internet Chess Club"]
[Date "2008.10.30"]
[Round "1"]
[White "MRX"]
[Black "primerpaso"]
[Result "0-1"]
[WhiteElo "1698"]
[BlackElo "1892"]
[Opening "Queen's Indian defense"]
[ECO "A47"]
[Time "12:57:45"]
[TimeControl "2700+45"]

1. d4 Nf6 2. Nf3 b6 3. g3 Bb7 4. Bg2 d5 5. O-O Nbd7 6. c4 e6 7. Nc3 dxc4 8. Qa4
Be7 9. Qxc4 O-O 10. Bf4 c5 11. dxc5 Nxc5 12. Rad1 Qe8 13. Bd6 Rc8 14. Bxe7 Qxe7
15. Qh4 Rfd8 16. Ng5 Bxg2 17. Kxg2 h6 18. Nge4 Qb7 19. Rxd8+ Rxd8 20. f3 Ncxe4
21. Nxe4 Qe7 22. Nxf6+ Qxf6 23. Qxf6 gxf6 24. e4 Kf8 25. Rf2 Rc8 26. Rd2 Ke7 27.
Kf2 Rc5 28. Ke3 f5 29. exf5 Rxf5 30. Rc2 Kd6 31. f4 Ra5 32. a3 Rb5 33. g4 a5 34.
h4 Rb3+ 35. Kf2 Rh3 36. Rd2+ Kc6 37. Rc2+ Kd5 38. Rc7 f5 39. g5 hxg5 40. hxg5 b5
41. g6 Rh6 42. Rg7 Ke4 43. Kg3 Rh1 44. Rg8 Rg1+ 45. Kf2 Rg4 46. g7 Rxf4+ 47. Ke2
Rg4 48. Re8 Rxg7 49. Rxe6+ Kd5 50. Rf6 Ke5 51. Ra6 a4 52. Kd2 Kd4 53. Rf6 Rg2+
54. Kc1 Rf2 55. Rd6+ Kc4 56. Rc6+ Kd5 57. Rb6 Kc5 58. Rb8 f4 59. Rc8+ Kd5 60.
Rb8 Kc4 61. Rc8+ Kb3 62. Rc3+ Ka2 63. Rc5 Rxb2 64. Rf5 Kxa3 65. Rxf4 b4 66. Rf3+
Ka2 67. Rf8 Rh2 68. Ra8 a3 69. Rb8 b3 70. Kd1 b2 71. Ke1 b1=Q+ 72. Rxb1 Kxb1 73.
Kf1 Kb2 74. Kg1 Rc2 75. Kf1 a2 76. Kg1 a1=Q# {White checkmated} 0-1

[Event "Team 45 45 League T39"]
[Site "Internet Chess Club"]
[Date "2008.10.26"]
[Round "1"]
[White "frankd"]
[Black "luster-snow"]
[Result "1-0"]
[WhiteElo "1526"]
[BlackElo "1418"]
[Opening "Réti: King's Indian attack (Barcza system)"]
[ECO "A07"]
[Time "15:00:14"]
[TimeControl "2700+45"]

1. Nf3 d5 2. g3 Nc6 3. Bg2 Nf6 4. O-O Bg4 5. h3 Bh5 6. d3 e6 7. Nbd2 Bb4 8. c3
Bd6 9. e4 dxe4 10. dxe4 Be7 11. Re1 O-O 12. Qc2 Bxf3 13. Nxf3 Re8 14. Be3 h6 15.
Rad1 Qc8 16. Nh2 e5 17. Nf3 Bd6 18. Nh4 Ne7 19. g4 Qe6 20. a3 Ng6 21. Nf5 Ne7
22. Qe2 Ng6 23. Qf3 Nf4 24. Nxd6 Nxg2 25. Nxe8 Nxe1 26. Nxf6+ gxf6 27. Rxe1 Kg7
28. Qg3 Rh8 29. Rd1 a6 30. Qf3 Qb3 31. Qe2 Qe6 32. Qd2 Qe7 33. Qd7 Re8 34. Qxe7
Rxe7 35. Kg2 c6 36. Kg3 b5 37. Rd6 Rc7 38. f4 exf4+ 39. Bxf4 Rc8 40. e5 fxe5 41.
Bxe5+ Kh7 42. h4 Re8 43. Kf4 Re6 44. Rxe6 fxe6 45. h5 Kg8 46. g5 hxg5+ 47. Kxg5
Kf7 48. h6 Kg8 49. Kg6 Kf8 50. h7 {Black resigns} 1-0

[Event "Team 45 45 League T39"]
[Site "Internet Chess Club"]
[Date "2008.10.23"]
[Round "1"]
[White "Warpdrive"]
[Black "LAJ"]
[Result "1/2-1/2"]
[WhiteElo "1690"]
[BlackElo "1769"]
[Opening "Ruy Lopez: ...b5 & ...d6"]
[ECO "C90"]
[Time "21:00:09"]
[TimeControl "2700+45"]

1. e4 e5 2. Nf3 Nc6 3. Bb5 a6 4. Ba4 Nf6 5. O-O b5 6. Bb3 d6 7. Re1 Be7 8. h3
O-O 9. d4 exd4 10. Nxd4 Nxd4 11. Qxd4 Bb7 12. c3 Nd7 13. Bc2 Bf6 14. Qe3 Qe7 15.
Nd2 Rfe8 16. Nf1 Nc5 17. Ng3 Qe5 18. Qf4 a5 19. Qxe5 Bxe5 20. f4 Bf6 21. Bd2 Bh4
22. Re3 Bxg3 23. Rxg3 Nxe4 24. Bxe4 Rxe4 25. Re3 Rxf4 26. Re7 Rc4 27. b3 Rc5 28.
Rae1 Kf8 29. Bf4 Rd8 30. Bxd6 cxd6 31. Rxb7 Rxc3 32. Ree7 Rg3 33. Rxf7+ Kg8 34.
Kf2 Rg5 35. g4 Rf8 36. Rxf8+ Kxf8 37. Ke3 h5 38. Rd7 hxg4 39. hxg4 Rxg4 40. Rxd6
Kf7 41. Rd5 Rb4 42. Kd3 Kf6 43. Kc3 g5 44. a3 Re4 45. Rxb5 Re5 46. Rxe5 Kxe5 47.
Kd3 Kf4 48. Ke2 Ke4 49. b4 axb4 50. axb4 Kd4 {Game drawn by mutual agreement}
1/2-1/2

[Event "Team 45 45 League T39"]
[Site "Internet Chess Club"]
[Date "2008.10.26"]
[Round "1"]
[White "AVEMARIA"]
[Black "johnnyperez"]
[Result "0-1"]
[WhiteElo "1733"]
[BlackElo "1678"]
[Opening "Petrov: Nimzovich attack"]
[ECO "C42"]
[Time "10:00:08"]
[TimeControl "2700+45"]

1. e4 e5 2. Nf3 Nf6 3. Nxe5 d6 4. Nf3 Nxe4 5. Nc3 Nf6 6. d4 d5 7. Be2 Bd6 8. O-O
O-O 9. Bg5 c6 10. a3 Bf5 11. h3 Nbd7 12. Bd3 Bg6 13. Re1 Qc7 14. Bxf6 Nxf6 15.
Ne5 Rae8 16. Bxg6 fxg6 17. Nf3 Ne4 18. Re2 Rf4 19. Nxe4 dxe4 20. d5 Ref8 21. Nd4
e3 22. f3 cxd5 23. Ne6 Qc6 24. Nxf8 Rxf8 25. Qd3 Bc5 26. b4 Bb6 27. Rd1 Rd8 28.
Qb3 Kh8 29. a4 d4 30. a5 Bc7 31. Rd3 Qd6 32. g4 Qg3+ 33. Rg2 Qe1# {White
checkmated} 0-1